 Dungeon Crawl Stone Soup version 0.31.0-7-gf635a9b802 (webtiles) character file.

Game seed: 11400596626399266303

32 SnakkuSnakku7 the Cudgeller (level 3, -6/30 HPs)
             Began as a Djinni Monk on Jan 24, 2024.
             Was a Follower of Uskayaw.
             Mangled by an iguana (13 damage)
             ... on level 2 of the Dungeon.
             The game lasted 00:01:10 (1483 turns).

SnakkuSnakku7 the Cudgeller (Djinni Monk)           Turns: 1483, Time: 00:01:10

Health: -6/30      AC:  2    Str: 12    XL:     3   Next: 45%
Gold:   165        EV: 13    Int: 11    God:    Uskayaw [*.....] SH:  0 Dex: 15

rFire   + + .        a - +0 mace
rCold   x . .        d - orb {light}
rNeg    . . .        b - +0 robe
rPois   ∞            (no helmet)
rElec   .            (no cloak)
rCorr   .            (no gloves)
SInv    .            (boots unavailable)
Will    .....        k - amulet of faith
Stlth   +            (no ring)
HPRegen 0.25/turn    (no ring)
MPRegen 0.00/turn

%: faith, infuse magic (-7 HP)
@: flying, glowing
A: sickness immunity, fire resistance 2, cold vulnerability 1, float, innate
caster, HP casting, extra vitality 1
a: Renounce Religion, Stomp


You were on level 2 of the Dungeon.
You worshipped Uskayaw.
Uskayaw was noncommittal.
You visited 1 branch of the dungeon, and saw 3 of its levels.

You collected 165 gold pieces.

Inventory:

Hand Weapons
 a - a +0 mace (weapon)
Armour
 b - a +0 robe (worn)
 d - an orb of light (worn)
Jewellery
 k - an amulet of faith (around neck)
Scrolls
 e - a scroll of blinking {unknown}
 f - a scroll of immolation {unknown}
 i - a scroll of teleportation {unknown}
 l - a scroll of enchant weapon {unknown}
Potions
 c - a potion of ambrosia
 g - a potion of berserk rage {unknown}
 h - a potion of curing {unknown}
 j - a potion of enlightenment {unknown}
 m - a potion of haste {unknown}


   Skills:
 - Level 3.0 Fighting
 + Level 3.5 Maces & Flails
 - Level 3.2 Dodging


You knew the following spells:

 Your Spells              Type           Power      Damage    Failure   Level
a - Freeze                Ice            0%         1d3       34%         1
Your spell library was empty.

Dungeon Overview and Level Annotations

Branches:
Dungeon (3/15)

Altars:
Uskayaw

Annotations:
D:3 Grinder


Innate Abilities, Weirdness & Mutations

You are immune to sickness and miasma.
You are immune to poison.
Your flesh is very heat resistant. (rF++)
You are vulnerable to cold. (rC-)
You float through the air rather than walking.
You learn spells naturally, not from books.
Your magical power is your life essence.
You have superior vitality. (+4 MHP)


Message History

Nothing quivered!
Grinder comes into view.
Grinder shouts!
Grinder is nearby!
Grinder is nearby!
There is a stone staircase leading up here.
You fly upwards.
There is a stone staircase leading down here.
There is a stone staircase leading down here.
Okay, then.
You fly downwards.
Level annotation: Grinder
There is a stone staircase leading up here.
Nothing quivered!
An iguana comes into view.
The iguana hisses angrily.
There are monsters nearby!
Unknown command.
The iguana attacks as it pursues you!
The iguana bites you but does no damage.
There is a stone staircase leading up here.
The iguana closely misses you.
You fly upwards.
There is a stone staircase leading down here.
You hit the iguana but do no damage. The iguana bites you!
You hit the iguana.
The iguana is lightly wounded.
The iguana bites you!
You are too injured to fight recklessly!
You are too injured to fight recklessly!
You are too injured to fight recklessly!
You hit the iguana but do no damage.
The iguana is lightly wounded.
The iguana bites you.
* * * LOW HITPOINT WARNING * * *
The iguana barely misses you.
You hit the iguana but do no damage.
The iguana is lightly wounded.
The iguana bites you!
You die...

####.# #.#
#.# #.#
#.### #.#
#...#####.#
###.#.....#
#.#.###.#
#...# #.#
#l.####.#
#@......#
#########


You could see an iguana.

Vanquished Creatures
  A dart slug (D:1)
  A ribbon worm (D:2)
  2 ball pythons
  A bat (D:2)
  3 endoplasms (D:2)
  4 hobgoblins
  2 jackals (D:2)
  3 kobolds
  3 quokkas (D:1)
  2 frilled lizards (D:2)
  A goblin (D:1)
  3 rats (D:1)
26 creatures vanquished.

Notes
Turn   | Place    | Note
-------+----------+-------------------------------------------
     0 | D:1      | SnakkuSnakku7 the Djinni Monk began the quest for the Orb.
     0 | D:1      | Reached XP level 1. HP: 20/20 MP: 0/0
   104 | D:1      | Reached XP level 2. HP: 12/25 MP: 0/0
   235 | D:1      | Found a faded altar of an unknown god.
   422 | D:1      | Prayed at the altar of an unknown god.
   422 | D:1      | Became a worshipper of Uskayaw the Reveller
   422 | D:1      | Reached * piety under Uskayaw
   422 | D:1      | Reached ** piety under Uskayaw
   844 | D:2      | Reached *** piety under Uskayaw
   884 | D:2      | Reached XP level 3. HP: 26/30 MP: 0/0
   884 | D:2      | Learned a level 1 spell: Freeze
  1422 | D:3      | Noticed Grinder
  1483 | D:2      | Mangled by an iguana

Illustrated notes

Levels and vault maps discovered:
D:1:      minmay_arrival_four_circles, layout_basic,
          hellmonk_ecumenical_altar_inner_sanctum
D:2:      layout_basic
D:3:      layout_loops_ring, minitemple, nicolae_overflow_crystal_walls,
          uniq_grinder, uniq_ijyb

Skill      XL: |  1  2 |
---------------+-------+-----
Maces & Flails | 3 |  3.5
Fighting       | |  3.0
Dodging        | |  3.2

Action                     || total
---------------------------++-------
  Melee: Mace              ||    76
 Armour: Robe              ||    43
  Dodge: Dodged            ||    68
